 Dungeon Crawl Stone Soup version 0.18-a0-1628-g61c6396 (webtiles) character file.

3434 namename2 the Grappler (level 10, -2/81 HPs)
             Began as a Ghoul Gladiator on Mar 25, 2016.
             Was a Believer of Pakellas.
             Slain by a death yak (23 damage)
             ... on level 10 of the Dungeon.
             The game lasted 00:29:40 (6217 turns).

namename2 the Grappler (Ghoul Gladiator)            Turns: 6217, Time: 00:29:40

Health: -2/81      AC: 10    Str: 20    XL:     10   Next: 5%
Magic:  8/13       EV: 12    Int:  3    God:    Pakellas [**....]
Gold:   158        SH:  0    Dex: 12    Spells: 0 memorised, 9 levels left

rFire  + . .     SeeInvis .       - Unarmed
rCold  + . .     Gourm    .     R - +1 scale mail of Servitude {rF+ rN+} (curse)
rNeg   + + +     Faith    .     (no shield)
rPois  ∞         Spirit   .     b - +0 helmet
rElec  .         Dismiss  .     j - +0 cloak
rCorr  .         Reflect  .     (no gloves)
SustAt .         Harm     .     (no boots)
MR     .....                    (no amulet)
Stlth  ..........               (no ring)
                                r - +2 ring of evasion

@: very slightly contaminated, rotting, not resistant to hostile enchantments,
extremely unstealthy
A: rotting body, claws 1, carnivore 3, cold resistance 1, negative energy
resistance 3, slow regeneration 1, torment resistance, unbreathing
a: Quick Charge, Renounce Religion


You were on level 10 of the Dungeon.
You worshipped Pakellas.
Pakellas was pleased with you.
You were not hungry.

You visited 2 branches of the dungeon, and saw 11 of its levels.

You collected 590 gold pieces.
You spent 432 gold pieces at shops.

Inventory:

Hand Weapons
 U - a +2 blowgun
Missiles
 c - 2 throwing nets (quivered)
 h - 213 stones
 v - 89 poisoned needles
 x - 3 exploding tomahawks
 J - 5 needles of sleeping
 Q - 8 needles of confusion
Armour
 b - a +0 helmet (worn)
 j - a +0 cloak (worn)
 N - a +1 chain mail of magic resistance
 R - the cursed +1 scale mail of Servitude (worn) {rF+ rN+}
   (You bought it in a shop on level 8 of the Dungeon)

   It protects you from fire.
   It protects you from negative energy.
   It has a curse placed upon it.
Rods
 G - a -2 rod of shadows (13/13)
   (You found it on level 5 of the Dungeon)
Jewellery
 r - a +2 ring of evasion (left claw)
 P - an uncursed ring of fire
 W - an uncursed ring of fire
Wands
 B - a wand of polymorph (14/24)
 C - a wand of iceblast (6/15)
 L - a wand of paralysis (14/24)
 S - a wand of acid (0/15)
 T - a wand of polymorph (10/24)
Scrolls
 e - 2 scrolls of recharging {unknown}
 g - 2 scrolls of fog {unknown}
 i - 2 scrolls of teleportation
 l - 4 scrolls of remove curse
 n - 3 scrolls of enchant armour {unknown}
 o - 3 scrolls of magic mapping
 s - a scroll of immolation {unknown}
 t - 2 scrolls of random uselessness {unknown}
 u - a scroll of amnesia {unknown}
 y - 6 scrolls of fear
 F - 2 scrolls of blinking {unknown}
 I - a scroll of noise {unknown}
 X - a scroll of identify
Potions
 f - a potion of resistance
 k - 5 potions of curing
 p - a potion of flight {unknown}
 q - 4 potions of heal wounds
 z - 3 potions of might {unknown}
 A - a potion of magic
 D - 2 potions of ambrosia
 E - 2 potions of agility
 H - a potion of lignification {unknown}
 K - a potion of haste {unknown}
 M - a potion of mutation {unknown}
 O - a potion of cancellation {unknown}
 V - 3 potions of brilliance {unknown}
Comestibles
 d - 6 meat rations
 m - 7 beef jerkies
 w - 7 slices of pizza


   Skills:
 - Level 5.1 Fighting
 - Level 1.7 Throwing
 - Level 4.1 Armour
 - Level 2.6 Dodging
 + Level 12.0 Unarmed Combat
 - Level 5.4 Evocations


You had 9 spell levels left.
You didn't know any spells.

Dungeon Overview and Level Annotations

Branches:
Dungeon (10/15)            Temple (1/1) D:4            Lair (0/8) D:10
    Orc: D:9-12

Altars:
Ashenzari
Cheibriados
Dithmenos
Elyvilon
Gozag
Kikubaaqudgha
Makhleb
Okawaru
Pakellas
Sif Muna
Trog
Vehumet
Xom
Yredelemnul
Zin
The Shining One

Shops:
D:8 [*?}[


Innate Abilities, Weirdness & Mutations

Your body is rotting away.
You thrive on raw meat.
You are immune to poison.
You have sharp fingernails.
You are carnivorous and can eat meat at any time.
Your flesh is cold resistant.
You are immune to negative energy.
You regenerate slowly when monsters are visible.
You are immune to unholy pain and torment.
You can survive without breathing.


Message History

You feel much better. The death yak closely misses you.
Drink which item? (? for menu, Esc to quit)
You feel much better. The death yak gores you!
You barely miss the death yak.
The death yak is heavily wounded.
The death yak closely misses you.
You claw the sheep!
You kill the sheep!
Pakellas accepts your kill.
You feel your power returning.
Your Unarmed Combat skill increases to level 12!
You scratch the death yak. You claw the death yak.
The death yak is heavily wounded.
The death yak gores you!!
* * * LOW HITPOINT WARNING * * *
You claw the death yak!
The death yak is severely wounded.
The death yak gores you!!
You die...
Pakellas says: That's one more possible approach eliminated.

........PP ?.PP....P
#+# #........
#.#######
#.....####.......+
#.....#........#
#....#^.......#
#....#........#
#..†.'Y.......#
#############@.#####
......###..##..###
#..............#
#..............#
###..###+##..###
#####..##..##..#
#......<...#....+
#..........#....#
#################


You could see a death yak.

Vanquished Creatures
  An elephant (D:10)
  A two-headed ogre (D:9)
  A hog (D:7)
  A human (D:7)
  2 yaks (D:7)
  A steam dragon (D:7)
  2 sky beasts
  An ice beast (D:6)
  A phantom (D:3)
  A necrophage (D:10)
  A centaur (D:8)
  A big kobold (D:9)
  A gnoll sergeant (D:2)
  3 giant frogs
  4 scorpions
  A water moccasin skeleton (D:6)
  3 killer bees (D:8)
  A howler monkey (D:6)
  4 crimson imps
  2 giant frog zombies
  2 jellies
  2 orc priests (D:7)
  3 iguanas (D:6)
  Ijyb (D:2)
  2 orc wizards (D:8)
  4 worker ants
  3 sheep
  3 hound skeletons
  9 adders
  7 gnolls
  A shadow imp (D:6)
  2 oozes
  An adder zombie (D:5)
  2 adder skeletons
  4 worms
  2 dart slugs
  2 giant geckos
  9 orcs
  A ball python (D:2)
  6 giant cockroaches
  6 goblins
  9 hobgoblins
  4 jackals (D:2)
  4 quokkas
  10 bats
  A giant gecko zombie (D:9)
  8 giant newts
  20 kobolds
  A quokka skeleton (D:5)
  7 rats
169 creatures vanquished.

Notes
Turn   | Place    | Note
--------------------------------------------------------------
     0 | D:1      | namename2 the Ghoul Gladiator began the quest for the Orb.
     0 | D:1      | Reached XP level 1. HP: 17/17 MP: 0/0
   143 | D:1      | Reached XP level 2. HP: 22/24 MP: 1/1
   153 | D:1      | Reached skill level 4 in Unarmed Combat
   741 | D:1      | Reached XP level 3. HP: 28/28 MP: 2/2
   884 | D:2      | Found a shattered altar of Ashenzari.
  1032 | D:2      | Found a glowing golden altar of the Shining One.
  1060 | D:2      | Noticed Ijyb
  1070 | D:2      | Killed Ijyb
  1070 | D:2      | Reached skill level 5 in Unarmed Combat
  1070 | D:2      | Reached XP level 4. HP: 36/36 MP: 3/3
  1765 | D:3      | Reached skill level 6 in Unarmed Combat
  1765 | D:3      | Reached XP level 5. HP: 30/41 MP: 4/4
  2014 | D:3      | Noticed a phantom
  2057 | D:3      | Killed a phantom
  2057 | D:3      | Reached skill level 7 in Unarmed Combat
  2057 | D:3      | Reached XP level 6. HP: 23/48 MP: 5/5
  2268 | D:3      | Reached skill level 8 in Unarmed Combat
  2802 | D:4      | Found a staircase to the Ecumenical Temple.
  3216 | Temple   | Entered the Ecumenical Temple
  3225 | Temple   | Became a worshipper of Pakellas the Inventive
  3273 | D:5      | Entered Level 5 of the Dungeon
  3281 | D:5      | Reached XP level 7. HP: 57/57 MP: 6/6
  3798 | D:6      | Reached skill level 9 in Unarmed Combat
  3844 | D:6      | Reached XP level 8. HP: 58/63 MP: 8/8
  3907 | D:6      | Reached skill level 10 in Unarmed Combat
  3954 | D:6      | Reached * piety under Pakellas
  4278 | D:7      | Found a shadowy altar of Dithmenos.
  4553 | D:7      | Found a bloodstained altar of Trog.
  4553 | D:7      | Found an opulent altar of Gozag.
  4812 | D:7      | Noticed a yak
  4812 | D:7      | Noticed a yak
  4881 | D:8      | Found Nicsarru's Antique Armour Shop.
  4886 | D:8      | Found Paimamec's Gadget Emporium.
  4899 | D:8      | Bought a translucent scale mail for 252 gold pieces
  4909 | D:8      | Identified the cursed +1 scale mail of Servitude {rF+ rN+} (You bought it in a shop on level 8 of the Dungeon)
  5104 | D:8      | Reached XP level 9. HP: 62/71 MP: 9/9
  5141 | D:8      | Found Nokamun's Armour Shop.
  5176 | D:8      | Found an iron altar of Okawaru.
  5205 | D:8      | Found a radiant altar of Vehumet.
  5221 | D:8      | Reached skill level 5 in Fighting
  5260 | D:8      | Found Xuub's General Store.
  5260 | D:8      | Found Byzo's Magic Scroll Shoppe.
  5271 | D:8      | Bought a scroll of identify for 22 gold pieces
  5271 | D:8      | Bought a scroll of magic mapping for 38 gold pieces
  5271 | D:8      | Bought a scroll of enchant weapon for 82 gold pieces
  5271 | D:8      | Bought a scroll of fear for 38 gold pieces
  5524 | D:7      | Reached ** piety under Pakellas
  5524 | D:7      | Received a gift from Pakellas
  5634 | D:9      | Noticed a two-headed ogre
  5639 | D:9      | Killed a two-headed ogre
  5639 | D:9      | Reached skill level 5 in Evocations
  5829 | D:9      | Reached skill level 11 in Unarmed Combat
  6052 | D:9      | Found a shimmering altar of Xom.
  6052 | D:9      | Found a burning altar of Makhleb.
  6056 | D:9      | Paralysed by a crimson imp for 5 turns
  6181 | D:10     | Entered Level 10 of the Dungeon
  6194 | D:10     | Noticed a death yak
  6195 | D:10     | Found a staircase to the Lair.
  6195 | D:10     | Noticed an elephant
  6209 | D:10     | Killed an elephant
  6209 | D:10     | Reached XP level 10. HP: 59/81 MP: 6/13
  6215 | D:10     | Reached skill level 12 in Unarmed Combat
  6217 | D:10     | Slain by a death yak

Vault maps used:
D:1:      dpeg_arrival_tiny_b, st_stairs_9
D:2:      nicolae_ashenzari_panopticon, first_bread, corner_web_ring, tso_altar,
          uniq_iyjb
D:4:      minmay_temple_entry_poolview
D:5:      st_stairs_6
D:6:      kennysheep_generic_room_8
D:7:      gammafunk_temple_overflow_elements,
          nicolae_dithmenos_through_a_glass_darkly, grunt_livestock,
          grunt_ministairs_7
D:8:      kennysheep_mini_moat, kennysheep_little_box, serial_shops, shop, shop,
          nicolae_shop_temple_entry_statues_fountains, nicolae_shop_statue_plus,
          shop, minmay_misc_feat_enclosed
D:9:      grunt_temple_overflow_champion_of_chaos
D:10:     david_lair_generic, orc_0_dummy, minmay_lizard_king
Temple:   temple_eino_lava_12

Skill      XL: |  1  2  3  4  5  6  7  8  9 10 |
---------------+-------------------------------+-----
Unarmed Combat | 4 5 6 7 8 9 10 11 12 | 12.0
Fighting       | 3 5 |  5.1
Evocations     | 2 5 |  5.4
Armour         | 4 |  4.1
Throwing       | |  1.7
Dodging        | |  2.6

Action                   |  1- 3 |  4- 6 |  7- 9 | 10-12 || total
-------------------------+-------+-------+-------+-------++-------
Melee: Unarmed           |    93 |   209 |   301 |     4 ||   607
Throw: Throwing net      |       |     4 |       |       ||     4
Invok: Quick Charge      |       |       |     3 |       ||     3
Evoke: Wand              |       |       |     6 |     2 ||     8
  Use: Scroll            |       |       |    11 |       ||    11
       Potion            |       |       |       |     2 ||     2
 Stab: Held in net/web   |       |     1 |       |       ||     1
  Eat: Chunk             |     8 |    23 |    31 |       ||    62
